 Dungeon Crawl Stone Soup version 0.27-a0-919-g64c4f52 (webtiles) character file.

Game seed: 2728213678149400423

30 GeorgeSoros the Cudgeller (level 3, 0/20 HPs)
             Began as a Vine Stalker Monk on Apr 9, 2021.
             Shot with an arrow by a centaur (2 damage)
             ... on level 3 of the Dungeon.
             The game lasted 00:03:43 (2424 turns).

GeorgeSoros the Cudgeller (Vine Stalker Monk)       Turns: 2424, Time: 00:03:44

Health: 0/20       AC: 10    Str: 14    XL:     3   Next: 20%
Magic:  0/4        EV:  4    Int: 10    God:
Gold:   80         SH:  0    Dex: 16    Spells: 2/2 levels left

rFire    . . .     SeeInvis .   a - +0 mace
rCold    . . .     Faith    .   (no shield)
rNeg     . . .     Spirit   +   e - +0 plate armour
rPois    .         Reflect  .   (no helmet)
rElec    .         Harm     .   (no cloak)
rCorr    .         Rampage  .   (no gloves)
Will     .....                  (no boots)
Stlth    ..........             (no amulet)
HPRegen  0.06/turn              (no ring)
MPRegen  0.09/turn              (no ring)

@: flying
A: fangs 2, magic shield, antimagic bite, no potion heal 2
a: no special abilities


You were on level 3 of the Dungeon.
You visited 1 branch of the dungeon, and saw 3 of its levels.

You collected 80 gold pieces.

Inventory:

Hand Weapons
 a - a +0 mace (weapon)
Armour
 b - a +0 robe
 e - a +0 plate armour (worn)
Potions
 d - a potion of might {unknown}
 f - a potion of curing {unknown}
 g - a potion of cancellation {unknown}


   Skills:
 + Level 3.1 Fighting
 + Level 3.1 Maces & Flails
 - Level 2.4 Dodging
 - Level 2.4 Stealth
 + Level 0.9 Unarmed Combat
 + Level 0.8 Evocations


You had 2 spell levels left.
You didn't know any spells.
Your spell library was empty.

Dungeon Overview and Level Annotations

Branches:
Dungeon (3/15)

Altars:


Innate Abilities, Weirdness & Mutations

You have extremely sharp teeth.
When hurt, damage is shared between your health and your magic reserves.
Your bite disrupts and absorbs the magic of your enemies.
Potions cannot restore your health.


Message History

You bite the hobgoblin, but do no damage.
The hobgoblin is moderately wounded.
The hobgoblin hits you. The hobgoblin closely misses you.
You hit the hobgoblin.
You kill the hobgoblin!
The ball python skeleton bites you. The ball python skeleton grabs you.
The ball python skeleton constricts you.
You thump the ball python skeleton!
You destroy the ball python skeleton!
You see here a hobgoblin corpse.
A goblin comes into view. It is wielding a +0 club.
The goblin shouts!
The goblin moves out of view.
You closely miss the goblin. The goblin barely misses you.
The goblin hits you with a +0 club.
You hit the goblin. You bite the goblin.
You kill the goblin!
Things that are here:
a +0 club; a goblin corpse You start resting.
HP restored.
You enter the shallow water.
Moving in this stuff is going to be slow.
Found 20 arrows.
Found 9 gold pieces.
A centaur comes into view.
The centaur shouts!
The centaur wields a +0 shortbow.
The centaur shoots an arrow.
The arrow hits you.
The centaur shoots an arrow.
The arrow hits you!
You see here 9 gold pieces.
You aren't carrying any scrolls.
The centaur shoots an arrow.
The arrow hits you!
* * * LOW HITPOINT WARNING * * *
The centaur shoots an arrow.
The arrow hits you but does no damage.
The centaur shoots an arrow.
The arrow hits you.
* * * LOW HITPOINT WARNING * * *
It was a potion of flight.
You feel very buoyant.
You fly up into the air.
The centaur shoots an arrow.
The arrow hits you.
You die...

###### ####....## #.####
#..≈..P...
##c....########.≈.≈≈.###
.......@..(......≈≈≈P...
.........$.......≈≈≈....
.#...#.#######...≈≈≈.#..
#.# #. #...≈..P#.. # ..
....####..... ### ....#
#)###† ..... #...#.
....## #.#.#. .##+#
###.#.


You could see a centaur.

Vanquished Creatures
  3 dart slugs (D:1)
  2 bats (D:1)
  A giant cockroach (D:3)
  3 goblins
  2 hobgoblins
  4 jackals (D:2)
  2 kobolds
  2 quokkas (D:1)
  A ball python (D:1)
  A ball python skeleton (D:3)
  A rat (D:2)
22 creatures vanquished.

Notes
Turn   | Place    | Note
-------+----------+-------------------------------------------
     0 | D:1      | GeorgeSoros the Vine Stalker Monk began the quest for the
                  | Orb.
     0 | D:1      | Reached XP level 1. HP: 11/11 MP: 2/2
   671 | D:1      | Reached XP level 2. HP: 13/16 MP: 3/3
  2084 | D:2      | Reached XP level 3. HP: 16/20 MP: 4/4
  2421 | D:3      | Noticed a centaur
  2424 | D:3      | Shot with an arrow by a centaur

Illustrated notes

Levels and vault maps discovered:
D:1:      dpeg_arrival_shelter, layout_loops_corners, item_on_display_a
D:2:      layout_basic
D:3:      layout_basic, serial_undead, serial_undead_e, serial_undead_c,
          serial_undead_e, serial_undead_f, serial_undead_a, serial_undead_e,
          serial_undead_f, hellmonk_ecumenical_altar_crossroads, uniq_robin

Skill      XL: |  1  2 |
---------------+-------+-----
Fighting       | 3 |  3.1
Maces & Flails | 3 |  3.1
Dodging        | |  2.4
Stealth        | |  2.4
Unarmed Combat | |  0.9
Evocations     | |  0.8

Action                   || total
-------------------------++-------
Melee: Mace              ||    57
       Bite              ||    20
  Use: Scroll            ||     3
       Potion            ||     1
Armor: Robe              ||     3
       Plate armour      ||    36
Dodge: Dodged            ||    13

Table legend: (Time is in decaauts)
 A = Elapsed time spent in this place.
 B = Non-inter-level travel time spent in this place.
 C = Inter-level travel time spent in this place.
 D = Time resting spent in this place.
 E = Time spent auto-exploring this place.
 F = Levels seen in this place.
 G = Mean time per level.
                   A        B        C        D        E       F      G
               +--------+--------+--------+--------+--------+-----+--------+
         Total |   2439 |   2376 |     63 |    395 |   1756 |   3 |  813.0 |
       Dungeon |   2439 |   2376 |     63 |    395 |   1756 |   3 |  813.0 |
               +--------+--------+--------+--------+--------+-----+--------+

Top non-repeatable levels by time:
     D:1: 1637 daAuts
     D:2: 602 daAuts
     D:3: 199 daAuts
